 Dungeon Crawl Stone Soup version 0.21.1-1-g345015fe64 (webtiles) character file.

9242 Gargoyl the Agent of Entropy (level 11, -13/89 HPs)
             Began as a Centaur Abyssal Knight on May 2, 2018.
             Was a Priest of Lugonu.
             Mangled by a death yak (19 damage)
             ... on level 10 of the Dungeon.
             The game lasted 00:20:17 (12907 turns).

Gargoyl the Agent of Entropy (CeAK)                Turns: 12907, Time: 00:20:18

Health: -13/89     AC: 17    Str: 18    XL:     11   Next: 20%
Magic:  17/17      EV:  1    Int: 11    God:    Lugonu [***...]
Gold:   540        SH: 25    Dex: 12    Spells: 10/10 levels left

rFire    . . .     SeeInvis .   a - +2 hand axe
rCold    . . .     Gourm    .   e - +6 large shield
rNeg     + . .     Faith    .   y - +0 plate armour (curse)
rPois    .         Spirit   .   u - +2 helmet
rElec    .         Reflect  .   A - +0 cloak
rCorr    .         Harm     .   s - +1 pair of gloves
MR       .....     Rnd*Rage +   (no barding) Stlth ..........Rnd*Tele +
                                (no amulet)
HPRegen  0.24/turn              i - +3 ring of dexterity
MPRegen  0.15/turn              g - ring of positive energy

@: very quick
A: large, hooves 3, large bone plates 1, berserk 1, deformed body, speed 2,
teleportitis 1, tough skin 3
a: Depart the Abyss, Bend Space, Banish, Renounce Religion


You were on level 10 of the Dungeon.
You worshipped Lugonu.
Lugonu was most pleased with you.
You were not hungry.

You visited 1 branch of the dungeon, and saw 11 of its levels.
You visited the Abyss 1 time.

You collected 540 gold pieces.

Inventory:

Hand Weapons
 a - a +2 hand axe (weapon)
Missiles
 v - 6 javelins (quivered)
Armour
 e - a +6 large shield (worn)
 s - a +1 pair of gloves (worn)
 u - a +2 helmet (worn)
 y - a cursed +0 plate armour (worn)
 A - a +0 cloak (worn)
Jewellery
 g - a ring of positive energy (right hand)
 i - a +3 ring of dexterity (left hand)
 m - an uncursed ring of flight
 F - an uncursed ring of resist corrosion
Wands
 b - a wand of scattershot (4)
 l - a wand of paralysis (22)
 n - a wand of iceblast (24)
 x - a wand of random effects (17)
 B - a wand of polymorph (24)
 C - a wand of enslavement (13)
Scrolls
 f - a scroll of enchant weapon
 h - 2 scrolls of amnesia
 o - 3 scrolls of identify
 q - 3 scrolls of teleportation
 r - a scroll of fear
 t - 5 scrolls of remove curse
 G - a scroll of magic mapping
Potions
 d - 3 potions of ambrosia
 j - 2 potions of invisibility
 k - 4 potions of curing
 w - 5 potions of flight
 E - a potion of haste {unknown}
Books
 p - a book of Flames

   Spells                             Type                      Level
   a - Flame Tongue                   Conjuration/Fire             1
   b - Throw Flame                    Conjuration/Fire             2
   c - Conjure Flame                  Conjuration/Fire             3
   d - Inner Flame                    Hexes/Fire                   3
   e - Sticky Flame                   Conjuration/Fire             4
   f - Fireball                       Conjuration/Fire             5
 z - a book of Clouds

   Spells                             Type                      Level
   a - Poisonous Vapours              Poison/Air                   2
   b - Mephitic Cloud                 Conjuration/Poison/Air       3
   c - Conjure Flame                  Conjuration/Fire             3
   d - Freezing Cloud                 Conjuration/Ice/Air          6
   e - Ring of Flames                 Charms/Fire                  7
 D - a book of Callings

   Spells                             Type                      Level
   a - Summon Small Mammal            Summoning                    1
   b - Call Imp                       Summoning                    2
   c - Call Canine Familiar           Summoning                    3
   d - Summon Guardian Golem          Hexes/Summoning              3
   e - Summon Lightning Spire         Summoning/Air                4
   f - Summon Ice Beast               Ice/Summoning                4
Comestibles
 c - 16 rations


   Skills:
 + Level 5.7 Fighting
 + Level 8.1 Axes
 + Level 1.1 Throwing
 * Level 6.3 Armour
 + Level 2.0 Dodging
 + Level 7.0 Shields
 * Level 8.2 Invocations
 + Level 0.1 Evocations


You had 10 spell levels left.
You didn't know any spells.

Dungeon Overview and Level Annotations

Branches:
Dungeon (11/15)               Orc (0/2) D:10
 Temple: D:4-7         Lair: D:8-11

Altars:
Cheibriados
Fedhas
Gozag
Hepliaklqana
Kikubaaqudgha
Trog
Yredelemnul
The Shining One

Annotations:
Abyss:1 Maurice


Innate Abilities, Weirdness & Mutations

You have hooves in place of feet.
Armour fits poorly on your strangely shaped body.
You cover ground very quickly.
You have extremely tough skin. (AC +3)
You are partially covered in large bone plates. (SH +4)
You tend to lose your temper in combat.
You are occasionally teleported next to monsters.


Message History

You block the death yak's attack.
You hit the death yak.
You kick the death yak, but do no damage.
The death yak is severely wounded.
The death yak gores you!!
* * * LOW HITPOINT WARNING * * *
You hit the death yak.
You kick the death yak, but do no damage.
The death yak is severely wounded.
The death yak gores you!
* * * LOW HITPOINT WARNING * * *
You hit the death yak but do no damage.
You kick the death yak, but do no damage.
The death yak is severely wounded.
The death yak gores you.
* * * LOW HITPOINT WARNING * * *
You hit the death yak. Your kick misses the death yak.
The death yak is severely wounded.
The death yak gores you!!
You die...

...........................#
......)....................#
....................#......#
..........................##
..........................#
..........................#
.........................##
................[...#.....#
................@...#....^#
.................Y..#.....#
.....................######
.#...###...#.........#######
......##.....#.............#
.............#.............#
...........................#
##........................##
.........................<#


You could see a death yak.

Vanquished Creatures
  The ghost of Leero the Destroyer, a novice GrVM of Vehumet (D:9)
  2 hippogriffs
  A human (D:9)
  A wyvern (D:10)
  4 hogs (D:9)
  Eustachio (D:6)
  A water moccasin (D:6)
  2 black bears
  7 orc warriors
  2 eyes of draining (D:4)
  8 ice beasts
  2 phantoms
  8 sky beasts
  6 centaurs
  4 ogres
  A big kobold (D:8)
  6 bullfrogs
  Blork the orc (D:6)
  A gnoll sergeant (D:7)
  4 scorpions
  3 wights (D:6)
  2 howler monkeys
  5 crimson imps
  A centaur zombie (D:10)
  4 hounds
  4 jellies
  4 orc wizards
  3 centaur skeletons
  4 orc priests
  A gnoll shaman (D:5)
  2 bullfrog skeletons
  6 iguanas
  9 worker ants
  A killer bee zombie (D:6)
  2 hound zombies
  A hound skeleton (D:7)
  A worker ant zombie (D:7)
  12 adders
  14 gnolls
  5 shadow imps
  An ufetubus (Abyss:2)
  An ooze (D:3)
  2 adder zombies
  2 worms (D:4)
  2 dart slugs
  3 leopard geckos
  29 orcs
  A ball python (D:8)
  7 giant cockroaches
  3 goblins
  4 hobgoblins
  11 jackals
  7 kobolds
  6 quokkas
  A ball python skeleton (D:5)
  9 bats
  4 frilled lizards
  A leopard gecko skeleton (D:6)
  A quokka skeleton (D:4)
  A quokka zombie (D:5)
  3 rats
  A spectral orc (D:4)
247 creatures vanquished.

Vanquished Creatures (others)
  2 two-headed ogres
  An orc warrior (D:6)
3 creatures vanquished.

Grand Total: 250 creatures vanquished

Notes
Turn   | Place    | Note
-------+----------+-------------------------------------------
     0 | Abyss:1  | Gargoyl the Centaur Abyssal Knight began the quest for the Orb.
     0 | Abyss:1  | Reached XP level 1. HP: 19/19 MP: 2/2
    49 | Abyss:2  | Found a corrupted altar of Lugonu.
   118 | Abyss:2  | Noticed a small abomination
   179 | Abyss:2  | Noticed a cacodemon
   180 | D:1      | Escaped the Abyss
   469 | D:1      | Reached XP level 2. HP: 25/26 MP: 3/3
   746 | D:1      | Reached * piety under Lugonu
  1175 | D:2      | Reached XP level 3. HP: 31/31 MP: 4/4
  1506 | D:2      | Found a snail-covered altar of Cheibriados.
  1720 | D:3      | Reached skill level 1 in Dodging
  1815 | D:3      | Reached XP level 4. HP: 35/38 MP: 4/6
  2882 | D:4      | Reached ** piety under Lugonu
  2887 | D:4      | Reached XP level 5. HP: 35/45 MP: 7/7
  2990 | D:4      | Found a basalt altar of Yredelemnul.
  3040 | D:4      | Noticed an ogre
  3044 | D:4      | Killed an ogre
  3044 | D:4      | Reached skill level 1 in Shields
  3108 | D:4      | Reached XP level 6. HP: 47/51 MP: 8/8
  3471 | D:4      | Found a bloodstained altar of Trog.
  3787 | D:5      | Entered Level 5 of the Dungeon
  3792 | D:5      | Reached XP level 7. HP: 58/58 MP: 9/9
  4189 | D:5      | Reached XP level 8. HP: 43/66 MP: 11/11
  4610 | D:5      | Found an ancient bone altar of Kikubaaqudgha.
  4610 | D:5      | Found a blossoming altar of Fedhas.
  4635 | D:5      | Found a glowing golden altar of the Shining One.
  4776 | D:5      | Found a hazy altar of Hepliaklqana.
  5321 | D:6      | Reached skill level 5 in Invocations
  5338 | D:6      | Reached skill level 5 in Axes
  5363 | D:6      | Reached skill level 1 in Throwing
  5368 | D:6      | Reached *** piety under Lugonu
  6037 | D:6      | Found an opulent altar of Gozag.
  6176 | D:6      | Reached XP level 9. HP: 72/72 MP: 13/13
  6523 | D:6      | Noticed Blork the orc
  6843 | D:6      | Killed Blork the orc
  6867 | D:6      | Noticed Eustachio
  6888 | D:6      | Killed Eustachio
  6888 | D:6      | Reached skill level 5 in Armour
  7714 | D:7      | Reached skill level 5 in Shields
  8797 | D:8      | Reached **** piety under Lugonu
  8898 | D:8      | Found an opulent altar of Gozag.
  9004 | D:8      | Reached XP level 10. HP: 35/80 MP: 15/15
  9010 | D:8      | Noticed a two-headed ogre
  9024 | D:8      | Banished a two-headed ogre
  9024 | D:8      | Reached skill level 5 in Fighting
  9595 | D:8      | Gained mutation: You tend to lose your temper in combat. [potion of mutation]
  9595 | D:8      | Gained mutation: You are occasionally teleported next to monsters. [potion of mutation]
  9595 | D:8      | Gained mutation: You are partially covered in large bone plates. (SH +4) [potion of mutation]
 10226 | D:9      | Noticed Leero's ghost (novice GrVM)
 10299 | D:9      | Killed Leero's ghost
 10826 | D:9      | Noticed a two-headed ogre
 10840 | D:9      | Noticed Maurice
 10869 | D:9      | Banished Maurice
 11017 | D:9      | Banished a two-headed ogre
 11587 | D:10     | Entered Level 10 of the Dungeon
 11606 | D:10     | Reached XP level 11. HP: 54/89 MP: 15/17
 11815 | D:10     | Found a staircase to the Orcish Mines.
 12716 | D:11     | Noticed a death yak
 12717 | D:11     | Noticed a death yak
 12907 | D:10     | Mangled by a death yak

Skill      XL: |  1  2  3  4  5  6  7  8  9 10 11 |
---------------+----------------------------------+-----
Axes           | 2 3 4 5 6 7 8 |  8.1
Dodging        | 1 2 |  2.0
Armour         | 2 3 4 5 6 |  6.3
Invocations    | 3 4 5 6 8 |  8.2
Shields        | 1 2 3 5 6 7 |  7.0
Fighting       | 4 5 |  5.7
Throwing       | 1 |  1.1
Evocations     | |  0.1

Action                   |  1- 3 |  4- 6 |  7- 9 | 10-12 || total
-------------------------+-------+-------+-------+-------++-------
Melee: Hand axe          |    69 |   129 |   578 |   456 ||  1232
       Kick              |    18 |    29 |   173 |   130 ||   350
Throw: Tomahawk          |       |     3 |       |       ||     3
       Javelin           |       |       |     3 |     3 ||     6
Invok: Depart the Abyss  |     1 |       |       |       ||     1
       Banish            |       |       |     1 |     8 ||     9
Evoke: Wand              |       |     1 |       |       ||     1
  Use: Scroll            |     7 |     7 |    10 |     3 ||    27
       Potion            |       |       |       |     7 ||     7
 Stab: Sleeping          |     3 |       |       |       ||     3
       Invisible         |       |       |       |     2 ||     2
  Eat: Ration            |     1 |     1 |     4 |     5 ||    11
       Chunk             |       |       |     2 |       ||     2
Armor: Leather armour    |    31 |       |       |       ||    31
       Chain mail        |    13 |    85 |    87 |       ||   185
       Plate armour      |       |       |   189 |   147 ||   336
       Skin              |       |       |       |    15 ||    15
Dodge: Dodged            |    11 |     1 |    12 |    13 ||    37
Block: Large shield      |    63 |   114 |   547 |   480 ||  1204
